 Dungeon Crawl Stone Soup version 0.21.1-1-g345015f (webtiles) character file.

28 sking99 the Caller (level 3, 19/19 HPs)
             Began as a Kobold Summoner on July 1, 2018.
             Quit the game on level 2 of the Dungeon.
             The game lasted 00:08:56 (1910 turns).

sking99 the Caller (Kobold Summoner)                Turns: 1910, Time: 00:08:57

Health: 19/19      AC:  2    Str:  5    XL:     3   Next: 27%
Magic:  6/6        EV: 15    Int: 17    God:
Gold:   18         SH:  0    Dex: 15    Spells: 4/7 levels left

rFire    . . .     SeeInvis .   k - +0 dagger (curse)
rCold    . . .     Gourm    .   (shield restricted)
rNeg     . . .     Faith    .   a - +0 robe
rPois    .         Spirit   .   (no helmet)
rElec    .         Reflect  .   (no cloak)
rCorr    .         Harm     .   (no gloves)
MR       .....                  (no boots)
Stlth    ++........             (no amulet)
HPRegen  0.06/turn              (no ring)
MPRegen  0.10/turn              (no ring)

@: no status effects
A: small, carnivore
a: no special abilities


You were on level 2 of the Dungeon.
You were completely stuffed.

You visited 1 branch of the dungeon, and saw 2 of its levels.

You collected 18 gold pieces.

Inventory:

Hand Weapons
 k - a cursed +0 dagger (weapon)
Armour
 a - a +0 robe (worn)
Jewellery
 d - an uncursed ring of ice {unknown}
Scrolls
 g - a scroll of immolation {unknown}
 h - 3 scrolls of identify {unknown}
Potions
 e - a potion of agility {unknown}
 f - a potion of haste {unknown}
 i - a potion of curing {unknown}
 j - a potion of heal wounds {unknown}
Books
 b - a book of Callings

   Spells                             Type                      Level
   a - Summon Small Mammal            Summoning                    1
   b - Call Imp                       Summoning                    2
   c - Call Canine Familiar           Summoning                    3
   d - Summon Guardian Golem          Hexes/Summoning              3
   e - Summon Lightning Spire         Summoning/Air                4
   f - Summon Ice Beast               Ice/Summoning                4
Comestibles
 c - 2 rations
 l - 2 chunks of flesh


   Skills:
 + Level 2.9 Dodging
 + Level 3.3 Stealth
 + Level 2.5 Spellcasting
 * Level 4.3 Summonings


You had 4 spell levels left.
You knew the following spells:

 Your Spells              Type           Power        Failure   Level  Hunger
a - Summon Small Mammal   Summ           ###.         3%          1    #......
b - Call Imp              Summ           ###.....     4%          2    ##.....


Dungeon Overview and Level Annotations

Branches:
Dungeon (2/15)

Altars:


Innate Abilities, Weirdness & Mutations

You are small and have problems with some larger weapons.
You are carnivorous and can eat meat at any time.


Message History

You start resting.
Your iron imp disappears in a puff of smoke!
All of the chunks of flesh in your inventory have rotted away.
Your crimson imp disappears in a puff of smoke!
Magic restored.
You swap places.
You butcher the jackal corpse.
l - 2 chunks of flesh You see here a jackal skeleton. x2
Partly explored, can't reach some places.
Partly explored, can't reach some places.
You swap places.
Your white imp disappears in a puff of smoke!
There is a stone staircase leading down here.
You climb downwards.
There is a stone staircase leading up here.
Found a stone staircase leading up.
A worm comes into view.
Okay, then.
Are you sure you want to abandon this character and quit the game? (Confirm with "yes".)

#....# #.#
#....# #.#
#.# ## #.#
#. #.#
#.###.##
#<.....#
#..#####
##@#
#.......#
###......#
#.#.#..#
#.#....#
#.....w# #
#.# .# ...
..


You could see a worm (sleeping).

Vanquished Creatures
  A jackal (D:1)
1 creature vanquished.

Vanquished Creatures (collateral kills)
  An ooze (D:1)
  2 dart slugs (D:1)
  6 goblins (D:1)
  3 hobgoblins (D:1)
  7 jackals (D:1)
  2 kobolds (D:1)
  4 bats (D:1)
  A frilled lizard (D:1)
  7 rats (D:1)
33 creatures vanquished.

Grand Total: 34 creatures vanquished

Notes
Turn   | Place    | Note
-------+----------+-------------------------------------------
     0 | D:1      | sking99 the Kobold Summoner began the quest for the Orb.
     0 | D:1      | Reached XP level 1. HP: 10/10 MP: 3/3
   423 | D:1      | Reached XP level 2. HP: 13/15 MP: 0/5
   482 | D:1      | Learned a level 2 spell: Call Imp
  1141 | D:1      | Reached XP level 3. HP: 18/19 MP: 1/6
  1910 | D:2      | Quit the game

Skill      XL: |  1  2 |
---------------+-------+-----
Stealth        | 3 |  3.3
Dodging        | |  2.9
Spellcasting   | |  2.5
Summonings     | |  4.3

Action                   || total
-------------------------++-------
Melee: Unarmed           ||    11
       Dagger            ||     8
 Cast: Summon Small Mamm ||    29
       Call Imp          ||    29
  Eat: Chunk             ||    13
Armor: Robe              ||    22
Dodge: Dodged            ||    63
